 Dungeon Crawl Stone Soup version 0.17-a0-1748-g222fba8 (webtiles) character file.

119 KambridgeKobold the Grasshopper (level 4, -5/22 HPs)
             Began as a Spriggan Warper on Sept 1, 2015.
             Killed by nerve-wracking pain
             ... invoked by an orc priest
              (11 damage)
             ... on level 3 of the Dungeon.
             The game lasted 00:19:58 (4742 turns).

KambridgeKobold the Grasshopper (Spriggan Warper)   Turns: 4742, Time: 00:19:58

Health: -5/22      AC:  5    Str:  8    XL:     4   Next: 73%
Magic:  6/9        EV: 18    Int: 14    God:
Gold:   123        SH:  0    Dex: 15    Spells: 4 memorised, 1 level left

rFire  + . .     SeeInvis +     a - +0 short sword
rCold  . . .     Clarity  .     p - +2 robe {rF+}
rNeg   . . .     SustAt   .     (shield restricted)
rPois  .         Gourm    .     (helmet restricted)
rElec  .         Spirit   .     n - +0 cloak
rCorr  .         Warding  .     (gloves unavailable)
rMut   .         Stasis   .     (boots unavailable)
MR     .....                    (no amulet)
Stlth  +++.......               (no ring)
                                (no ring)

@: very quick, not resistant to hostile enchantments, fairly stealthy
A: unfitting armour, see invisible, herbivore 3, speed 3, slow metabolism 2
a: no special abilities


You were on level 3 of the Dungeon.
You were very hungry.

You visited 1 branch of the dungeon, and saw 3 of its levels.

You collected 123 gold pieces.

Inventory:

Hand weapons
 a - a +0 short sword (weapon)
 k - a +0 hunting sling
Missiles
 e - 5 tomahawks of dispersal
 j - 4 tomahawks (quivered)
 q - 16 sling bullets
 r - 94 stones
Armour
 b - a +0 robe
 n - a +0 cloak (worn)
 p - a +2 robe of fire resistance (worn)
Scrolls
 d - 2 scrolls of blinking
 g - 5 scrolls of identify {unknown}
 h - a scroll of teleportation {unknown}
 i - 4 scrolls of remove curse {unknown}
 l - a scroll of immolation {unknown}
 m - a scroll of enchant weapon {unknown}
 t - a scroll of fear {unknown}
Potions
 o - 2 potions of magic {unknown}
 s - a potion of curing
Books
 c - a book of Spatial Translocations

   Spells                             Type                      Level
   a - Apportation                    Translocation                1
   b - Blink                          Translocation                2
   c - Shroud of Golubria             Charms/Translocation         2
   d - Portal Projectile              Translocation                3
   e - Teleport Other                 Translocation                3
   f - Passage of Golubria            Translocation                4
Comestibles
 f - 2 bread rations


   Skills:
 - Level 1.5 Fighting
 + Level 3.5 Short Blades
 - Level 1.1 Throwing
 - Level 3.5 Dodging
 + Level 4.1 Stealth
 + Level 3.3 Spellcasting
 - Level 2.2 Charms
 - Level 4.4 Translocations


You had one spell level left.
You knew the following spells:

 Your Spells              Type           Power        Failure   Level  Hunger
a - Apportation           Tloc           ##........   3%          1    #......
b - Blink                 Tloc           N/A          6%          2    ##.....
c - Shroud of Golubria    Chrm/Tloc      ##........   10%         2    ##.....
d - Teleport Other        Tloc           ##......     12%         3    ###....


Dungeon Overview and Level Annotations

Branches:
Dungeon (3/15)

Altars:
Qazlal
Trog
Vehumet

Annotations:
D:2 Natasha


Innate Abilities, Weirdness & Mutations

You are tiny and cannot use many weapons and most armour.
You have supernaturally acute eyesight.
You are a herbivore.
You cover ground extremely quickly.
You need consume almost no food.


Message History

Something smites you!
Ouch! That really hurt!
The orc priest shouts!
You hit the orc priest.
The orc priest is heavily wounded.
The orc priest calls upon Beogh to heal the orc priest.
The orc priest's wounds heal themselves!
The orc priest hits you with a short sword.
* * * LOW HITPOINT WARNING * * *
Casting: Shroud of Golubria
Confirm with . or Enter, or press ? or * to list all spells.
Aiming: Teleport Other
Press: ? - help, Shift-Dir - straight line, f - orc priest
Aim: an orc priest, wielding a short sword and wearing a scale mail (chance to defeat MR: 50%)
The orc priest resists with significant effort.
You see here a flail.
The orc priest calls down the wrath of Beogh upon you.
Pain shoots through your body!
Ouch! That really hurt!
You die...

##.#####............###.....##.
#..)....>.###+###...'.)....%...
########..# #.# #...#####.#.##.
#..###.###...# #...#.#..
#..###_..+o### #o###.###
#..###.###.# ##.....## ##.# #.#
#)## #.......#
#.###'###o.###.......#
#.....@..(...o.......#
###÷#####............#
#..................#
#######.....÷......#
#............# ########)...##
#....# ###.## #.#


You could see 2 orc priests.

Vanquished Creatures
  5 adders
  An ooze (D:2)
  A worm (D:2)
  3 orcs (D:3)
  A ball python (D:2)
  3 bats
  2 giant cockroaches (D:3)
  2 goblins
  13 hobgoblins
  4 jackals (D:2)
  13 kobolds
  A quokka (D:3)
  7 giant newts
  6 rats
62 creatures vanquished.

Notes
Turn   | Place    | Note
--------------------------------------------------------------
     0 | D:1      | KambridgeKobold the Spriggan Warper began the quest for the Orb.
     0 | D:1      | Reached XP level 1. HP: 10/10 MP: 5/5
   943 | D:1      | Reached XP level 2. HP: 14/14 MP: 7/7
  1174 | D:1      | Reached skill level 1 in Stealth
  1467 | D:1      | Learned a level 2 spell: Blink
  1470 | D:1      | Learned a level 2 spell: Shroud of Golubria
  2016 | D:2      | Reached skill level 1 in Charms
  2448 | D:2      | Reached XP level 3. HP: 6/18 MP: 8/8
  2676 | D:2      | Learned a level 3 spell: Teleport Other
  2746 | D:2      | Noticed Natasha
  3563 | D:2      | Reached XP level 4. HP: 22/22 MP: 7/9
  4165 | D:3      | Found a bloodstained altar of Trog.
  4203 | D:3      | Found a radiant altar of Vehumet.
  4267 | D:3      | Found a stormy altar of Qazlal.
  4742 | D:3      | Killed from afar by an orc priest

Vault maps used:
D:1:      evilmike_arrival_come_back
D:2:      uniq_natasha
D:3:      grunt_qazlal_sundering, lemuel_doored_altar, lightli_temple_of_fire

Action                   |  1- 3 |  4- 6 || total
-------------------------+-------+-------++-------
Melee: Short sword       |   185 |   129 ||   314
 Cast: Blink             |     4 |       ||     4
       Shroud of Golubri |     8 |     2 ||    10
       Teleport Other    |     3 |     1 ||     4
  Use: Potion            |     2 |       ||     2
 Stab: Sleeping          |     5 |     4 ||     9
  Eat: Fruit             |     2 |       ||     2
